 Dungeon Crawl Stone Soup version 0.21.0 (webtiles) character file.

30 Jinx the Grave Robber (level 3, -1/26 HPs)
             Began as a Mummy Necromancer on May 19, 2018.
             Slain by Crazy Yiuf
             ... wielding a +3 quarterstaff of chaos
              (6 damage)
             ... on level 2 of the Dungeon.
             The game lasted 00:08:58 (1621 turns).

Jinx the Grave Robber (Mummy Necromancer)           Turns: 1621, Time: 00:08:58

Health: -1/26      AC:  6    Str: 11    XL:     3   Next: 5%
Magic:  0/7        EV: 16    Int: 15    God:
Gold:   85         SH:  0    Dex: 12    Spells: 6/7 levels left

rFire    x . .     SeeInvis .   c - -1 mace (curse)
rCold    + . .     Gourm    .   (no shield)
rNeg     + + +     Faith    .   a - +0 robe
rPois    ∞         Spirit   .   (no helmet)
rElec    .         Reflect  .   k - +0 cloak
rCorr    .         Harm     .   (no gloves)
MR       .....                  h - +2 pair of boots {Fly}
Stlth    ++........             (no amulet)
HPRegen  0.08/turn              d - +4 ring of evasion
MPRegen  0.10/turn              (no ring)

@: flying, very slightly contaminated
A: no food or potions, fire vulnerability, cold resistance 1, negative energy
resistance 3, torment resistance, unbreathing
a: Stop Flying


You were on level 2 of the Dungeon.
You were not hungry.

You visited 1 branch of the dungeon, and saw 2 of its levels.

You collected 85 gold pieces.

Inventory:

Hand Weapons
 c - a cursed -1 mace (weapon)
 f - a +0 whip
Armour
 a - a +0 robe (worn)
 h - a +2 pair of boots of flying (worn)
 k - a +0 cloak (worn)
Jewellery
 d - a +4 ring of evasion (left hand)
Scrolls
 e - a scroll of identify {unknown}
 g - a scroll of remove curse {unknown}
 i - a scroll of teleportation {unknown}
 j - a scroll of fog {unknown}
Books
 b - a book of Necromancy

   Spells                             Type                      Level
   a - Pain                           Necromancy                   1
   b - Animate Skeleton               Necromancy                   1
   c - Vampiric Draining              Necromancy                   3
   d - Regeneration                   Charms/Necromancy            3
   e - Animate Dead                   Necromancy                   4
   f - Borgnjor's Vile Clutch         Necromancy/Earth             5


   Skills:
 + Level 1.6 Fighting
 + Level 0.7 Maces & Flails
 - Level 1.5 Dodging
 - Level 1.5 Stealth
 - Level 2.6 Spellcasting
 + Level 4.4 Necromancy


You had 6 spell levels left.
You knew the following spells:

 Your Spells              Type           Power        Failure   Level  Hunger
a - Pain                  Necr           ###.         3%          1    N/A

Dungeon Overview and Level Annotations

Branches:
Dungeon (2/15)

Altars:

Annotations:
D:2 Crazy Yiuf


Innate Abilities, Weirdness & Mutations

You do not eat or drink.
Your flesh is vulnerable to fire.
You are immune to poison.
Your flesh is cold resistant. (rC+)
You are immune to negative energy. (rN+++)
You are immune to unholy pain and torment.
You can survive without breathing.


Message History

Confirm with . or Enter, or press ? or * to list all spells.
Aiming: Pain
Press: ? - help, Shift-Dir - straight line, f/p - Crazy Yiuf
Aim: Crazy Yiuf, wielding a quarterstaff of chaos and wearing a cloak (severely wounded, chance to defeat MR: 80%) Crazy Yiuf barely resists.
Crazy Yiuf misses you.
Casting: Pain
Confirm with . or Enter, or press ? or * to list all spells.
Aiming: Pain
Press: ? - help, Shift-Dir - straight line, f/p - Crazy Yiuf
Aim: Crazy Yiuf, wielding a quarterstaff of chaos and wearing a cloak (severely wounded, chance to defeat MR: 80%) Crazy Yiuf barely resists.
Crazy Yiuf barely misses you.
Crazy Yiuf whimpers, "Aardvark!"
Casting: Pain
Confirm with . or Enter, or press ? or * to list all spells.
Aiming: Pain
Press: ? - help, Shift-Dir - straight line, f/p - Crazy Yiuf
Aim: Crazy Yiuf, wielding a quarterstaff of chaos and wearing a cloak (severely wounded, chance to defeat MR: 80%) Crazy Yiuf writhes in agony!
Crazy Yiuf hits you with a quarterstaff of chaos.
You die...

# ###### .....# ####.#
#.# ### ♣♣#### #.#
#)..#♣♣ ♣♣....## #.#
#...'.♣♣♣♣......# ###
#...#♣..♣@......# ##.#
### ♣♣♣g♣......# ###.##
♣♣♣♣♣##.## .....# #.#
###..##### ### #.#
.........# #.# #.#
###...##.####.#######.#
....#.................#
###...##.######.#####[#


You could see Crazy Yiuf.

Vanquished Creatures
  2 ball pythons (D:2)
  5 giant cockroaches
  4 goblins
  2 hobgoblins
  A quokka (D:2)
  5 bats
  A frilled lizard (D:1)
  4 kobolds
  4 rats (D:1)
28 creatures vanquished.

Notes
Turn   | Place    | Note
-------+----------+-------------------------------------------
     0 | D:1      | Jinx the Mummy Necromancer began the quest for the Orb.
     0 | D:1      | Reached XP level 1. HP: 13/13 MP: 4/4
   239 | D:1      | Reached skill level 1 in Fighting
   253 | D:1      | Reached XP level 2. HP: 21/21 MP: 3/5
  1155 | D:2      | Reached XP level 3. HP: 26/26 MP: 4/7
  1372 | D:2      | Found a runed door.
  1609 | D:2      | Noticed Crazy Yiuf
  1621 | D:2      | Slain by Crazy Yiuf

Skill      XL: |  1 |
---------------+----+-----
Fighting       | 1 |  1.6
Maces & Flails | |  0.7
Dodging        | |  1.5
Stealth        | |  1.5
Spellcasting   | |  2.6
Necromancy     | |  4.4

Action                   || total
-------------------------++-------
Melee: Mace              ||    26
 Cast: Pain              ||    52
Armor: Robe              ||    12
Dodge: Dodged            ||    29
